 Dungeon Crawl Stone Soup version 0.32-a0-995-gb4a59205af (webtiles) character file.

Game seed: 3133536388672635852

32 Bediveer the Shooter (level 3, -4/25 HPs)
             Began as an Octopode Hunter on Apr 22, 2024.
             Slain by a kobold
             ... wielding a +0 club
              (5 damage)
             ... on level 2 of the Dungeon.
             The game lasted 00:00:58 (563 turns).

Bediveer the Shooter (Octopode Hunter)               Turns: 563, Time: 00:00:58

Health: -4/25      AC:  1    Str: 10    XL:     3   Next: 25%
Magic:  3/3        EV: 12    Int: 11    God:
Gold:   55         SH:  0    Dex: 17    Spells: 2/2 levels left

rFire   . . .        a - +0 shortbow
rCold   . . .        (shield currently unavailable)
rNeg    . . .        (helmet restricted)
rPois   .            (no amulet)
rElec   .            (no ring)
rCorr   .            (no ring)
SInv    .            (no ring)
Will    .....        (no ring)
Stlth   +++          (no ring)
HPRegen 0.24/turn    (no ring)
MPRegen 0.08/turn    (no ring)
                     (no ring)

%: no passive effects
@: no status effects
A: almost no armour, amphibious, 8 rings, camouflage 1, gelatinous body 1,
(nimble swimmer 1), tentacles
a: no special abilities


You were on level 2 of the Dungeon.
You visited 1 branch of the dungeon, and saw 2 of its levels.

You collected 55 gold pieces.

Inventory:

Hand Weapons
 a - a +0 shortbow (weapon)
Scrolls
 b - a scroll of butterflies
 d - a scroll of teleportation {unknown}
 f - a scroll of poison {unknown}
Potions
 c - a potion of haste {unknown}
 e - a potion of enlightenment {unknown}
 g - a potion of heal wounds {unknown}


   Skills:
 + Level 2.6 Fighting
 * Level 4.7 Ranged Weapons
 - Level 2.0 Dodging
 - Level 1.3 Stealth


You had 2 spell levels left.
You didn't know any spells.
Your spell library contained the following spells:

 Spells                   Type           Power      Damage    Failure   Level
 Frozen Ramparts          Ice            0%         1d1       71%         3
 Ozocubu's Armour         Ice            0%         N/A       71%         3
 Metabolic Englaciation   Hex/Ice        0%         N/A       100%        5


Dungeon Overview and Level Annotations

Branches:
Dungeon (2/15)

Altars:


Innate Abilities, Weirdness & Mutations

You cannot wear most types of armour.
You are amphibious.
You can wear up to eight rings at the same time.
Your skin changes colour to match your surroundings (Stealth+).
Your rubbery body absorbs attacks. (AC +1, EV +1)
((You are camouflaged when in or above water. (Stealth+)))
You have tentacles for arms and can constrict up to eight enemies at once.


Message History

There are monsters nearby!
The kobold misses you.
Found 5 gold pieces.
The ball python barely misses you. The ball python closely misses you.
An adder comes into view.
The ball python bites you but does no damage.
You see here a hobgoblin corpse.
The hobgoblin hits you. The rat barely misses you.
There is a stone staircase leading up here.
The hobgoblin hits you. The rat closely misses you.
You climb upwards.
There is a stone staircase leading down here.
You are too injured to fight recklessly!
You shoot an arrow. The arrow hits the hobgoblin.
The hobgoblin is almost dead.
The hobgoblin barely misses you. The rat closely misses you.
You shoot an arrow. The arrow hits the hobgoblin.
You kill the hobgoblin!
The rat bites you. x2
* * * LOW HITPOINT WARNING * * *
You shoot an arrow. The arrow closely misses the rat.
The rat closely misses you.
You shoot an arrow. The arrow closely misses the rat.
The rat bites you.
* * * LOW HITPOINT WARNING * * *
You shoot an arrow. The arrow barely misses the rat.
The rat closely misses you.
You shoot an arrow. The arrow hits the rat.
You kill the rat!
There is a stone staircase leading down here.
You climb downwards.
The ball python misses you. The ball python barely misses you.
The kobold barely misses you. The ball python misses you.
The ball python grabs you. The ball python constricts you.
* * * LOW HITPOINT WARNING * * *
The kobold hits you with a +0 club.
* * * LOW HITPOINT WARNING * * *
There is a stone staircase leading up, spattered with blood here.
You escape the ball python's grasp.
The kobold hits you with a +0 club.
You die...

.......#.######
..#.............
$........#....#
##..#...##
...#=...#†..#
...........#......
...........#######
..........SK##
...........@.#
..........##.#
#...##...## .#
..## ##.[. .#
#..## .# #.# .# ..
.# ..


You could see a ball python and a kobold.

Vanquished Creatures
  3 ball pythons (D:1)
  4 endoplasms
  2 giant cockroaches (D:1)
  2 goblins (D:1)
  2 hobgoblins
  4 jackals (D:1)
  3 bats (D:1)
  A kobold (D:1)
  8 rats
29 creatures vanquished.

Notes
Turn   | Place    | Note
-------+----------+-------------------------------------------
     0 | D:1      | Bediveer the Octopode Hunter began the quest for the Orb.
     0 | D:1      | Reached XP level 1. HP: 14/14 MP: 1/1
    34 | D:1      | Reached XP level 2. HP: 14/19 MP: 2/2
   215 | D:1      | Found a faded altar of an unknown god.
   421 | D:1      | Reached XP level 3. HP: 25/25 MP: 3/3
   562 | D:2      | HP: 1/25 [kobold/+0 club (4)]
   563 | D:2      | Slain by a kobold

Illustrated notes

Levels and vault maps discovered:
D:1:      roderic_octagonal_star, layout_rooms, basic_ecumenical_altar,
          serial_bayou_crossing
D:2:      layout_rooms

Action                     || total
---------------------------++-------
   Fire: Shortbow          ||    70
 Armour: Skin              ||    22
  Dodge: Dodged            ||    32

Table legend: (Time is in decaauts)
 A = Elapsed time spent in this place.
 B = Non-inter-level travel time spent in this place.
 C = Inter-level travel time spent in this place.
 D = Time resting spent in this place.
 E = Time spent auto-exploring this place.
 F = Levels seen in this place.
 G = Mean time per level.
                   A        B        C        D        E       F      G
               +--------+--------+--------+--------+--------+-----+--------+
         Total |    576 |    559 |     17 |      0 |    424 |   2 |  288.0 |
       Dungeon |    576 |    559 |     17 |      0 |    424 |   2 |  288.0 |
               +--------+--------+--------+--------+--------+-----+--------+

Top non-repeatable levels by time:
     D:1: 543 daAuts
     D:2: 32 daAuts
